 Dungeon Crawl Stone Soup version 0.19.0-1-g5985abe (webtiles) character file.

8624 tyranidshit the Fighter (level 11, 0/95 HPs)
             Began as a Demonspawn Abyssal Knight on Nov 2, 2016.
             Was a High Priest of Lugonu.
             Slain by a porcupine (10 damage)
             ... on level 1 of the Lair of Beasts.
             The game lasted 00:36:44 (8416 turns).

tyranidshit the Fighter (Demonspawn Abyssal Knight) Turns: 8416, Time: 00:36:45

Health: 0/95       AC: 13    Str: 21    XL:     11   Next: 12%
Magic:  17/17      EV:  8    Int: 16    God:    Lugonu [*****.]
Gold:   98         SH:  0    Dex: 19    Spells: 0 memorised, 10 levels left

rFire  + . .     SeeInvis .     E - +10 triple sword of the Grave {slice, Int+3 Dex+4 Stlth+}
rCold  + . .     Gourm    .     C - +0 plate armour
rNeg   . . .     Faith    .     (shield currently unavailable)
rPois  +         Spirit   .     (no helmet)
rElec  .         Reflect  .     (no cloak)
rCorr  .         Harm     .     (no gloves)
MR     .....     Clarity  +     (boots unavailable)
Stlth  ..........               G - amulet of regeneration
                                M - +3 ring of strength
                                n - ring of protection from fire

@: no status effects
A: talons 3, agile 1, blurry vision 1, clarity, cold resistance 1, deterioration
1, poison resistance, powered by death 1, strong 1, sturdy frame 1
a: Depart the Abyss, Bend Space, Banish, Corrupt, Enter the Abyss, Renounce
Religion


You were on level 1 of the Lair of Beasts.
You worshipped Lugonu.
Lugonu was extremely pleased with you.
You were not hungry.

You visited 2 branches of the dungeon, and saw 12 of its levels.
You visited the Abyss 1 time.

You collected 488 gold pieces.
You spent 390 gold pieces at shops.

Inventory:

Hand Weapons
 q - a +5 hand axe of chopping
 t - the +7 short sword "Xipan" {antimagic, rN+ Str+4}
   (You found it on level 6 of the Dungeon)

   It reduces the magical energy of the wielder, and disrupts the spells and
   magical abilities of those hit.
   Natural abilities and divine invocations are not affected.
   It affects your strength (+4).
   It protects you from negative energy.
 E - the +10 triple sword of the Grave (weapon) {slice, Int+3 Dex+4 Stlth+}
   (You bought it in a shop on level 4 of the Dungeon)

   It inflicts extra damage upon your enemies.
   It affects your intelligence (+3).
   It affects your dexterity (+4).
   It makes you more stealthy.
Armour
 b - a +2 large shield
 j - a +1 pair of boots
 l - the +2 robe of Omission {rF+ Str+6 Int+2}
   (You found it on level 8 of the Dungeon)

   It affects your strength (+6).
   It affects your intelligence (+2).
   It protects you from fire.
 C - a +0 plate armour (worn)
Jewellery
 c - a +3 amulet of reflection
 d - an uncursed amulet of faith
 e - an uncursed ring of stealth
 f - a +2 amulet of reflection
 k - an uncursed amulet of guardian spirit
 n - a ring of protection from fire (left hand)
 G - an amulet of regeneration (around neck)
 J - an uncursed ring of magical power
 M - a +3 ring of strength (right hand)
Wands
 g - a wand of iceblast (0/15)
 x - a wand of lightning (0/15)
 F - a wand of acid (6/15)
 H - a wand of enslavement (1/24)
Scrolls
 m - a scroll of amnesia
 p - a scroll of enchant weapon
 r - 2 scrolls of identify
 u - 4 scrolls of teleportation
 y - 3 scrolls of remove curse
 z - a scroll of recharging
 B - a scroll of fog
Potions
 v - 2 potions of flight
 A - 2 potions of brilliance
Books
 w - a book of Battle

   Spells                             Type                      Level
   a - Infusion                       Charms                       1
   b - Shroud of Golubria             Charms/Translocation         2
   c - Song of Slaying                Charms                       2
   d - Spectral Weapon                Hexes/Charms                 3
   e - Regeneration                   Charms/Necromancy            3
 D - a book of Misfortune

   Spells                             Type                      Level
   a - Confusing Touch                Hexes                        1
   b - Confuse                        Hexes                        3
   c - Gell's Gravitas                Hexes/Translocation          3
   d - Petrify                        Transmutation/Earth          4
   e - Metabolic Englaciation         Hexes/Ice                    5
   f - Yara's Violent Unravelling     Hexes/Transmutation          5
Comestibles
 h - 2 meat rations
 i - 4 bread rations
 o - 5 royal jellies
 L - a beef jerky


   Skills:
 + Level 11.8 Fighting
 - Level 5.4 Axes
 - Level 7.6 Armour
 - Level 0.8 Dodging
 - Level 5.2 Shields
 - Level 8.1 Invocations


You had 10 spell levels left.
You didn't know any spells.

Dungeon Overview and Level Annotations

Branches:
Dungeon (11/15)            Temple (0/1) D:7            Lair (1/6) D:8
    Orc (0/2) D:11

Altars:
Makhleb
The Shining One

Shops:
D:4 (   D:6 !   D:7 ?   D:8 (


Innate Abilities, Weirdness & Mutations

You have claws for feet.
Your flesh is cold resistant. (rC+)
You regenerate a little health from kills.
Your movements are slightly less encumbered by armour. (ER -2)
You are agile. (Dex +2)
Scrolls take you a little longer to read.
You possess an exceptional clarity of mind.
Your body sometimes deteriorates upon taking damage.
Your system is resistant to poisons. (rPois)
Your muscles are strong. (Str +2)


Message History

The basilisk bites you but does no damage.
The porcupine bites you!
* * * LOW HITPOINT WARNING * * *
The basilisk bites you but does no damage.
The porcupine bites you but does no damage.
The basilisk bites you but does no damage.
The porcupine completely misses you. The porcupine bites you.
The basilisk bites you.
* * * LOW HITPOINT WARNING * * *
The porcupine bites you.
* * * LOW HITPOINT WARNING * * *
The basilisk bites you but does no damage.
You turn to flesh and can move again.
You slash the basilisk!
You kill the basilisk!
Lugonu accepts your kill. The porcupine bites you.
* * * LOW HITPOINT WARNING * * *
The porcupine bites you!
You die...

...............
................
.................
..................
..................
...(.............#
.................#
......†@r........#
.................#
.................#
..........<......#
.................#
#.................
#(..%.............
#.................
..#######...#P.##


You could see a porcupine.

Vanquished Creatures
  An unseen horror (D:10)
  The ghost of slayr the Magician, a novice DEWz of Sif Muna (D:6)
  Joseph (D:9)
  A gargoyle (D:9)
  2 trolls
  A queen bee (D:8)
  3 hippogriffs
  3 yaks (D:11)
  A basilisk (Lair:1)
  A hungry ghost (D:9)
  A water moccasin (D:5)
  4 sky beasts
  2 orc warriors (D:8)
  5 ogres
  A black bear (D:6)
  5 centaurs
  2 phantoms
  A big kobold (D:9)
  6 bullfrogs
  A gnoll sergeant (D:9)
  A wyvern zombie (D:10)
  A scorpion (D:8)
  5 wights (D:6)
  14 killer bees
  2 howler monkeys
  3 centaur zombies
  5 crimson imps
  4 hounds
  2 bullfrog zombies
  2 quasits
  2 centaur skeletons
  6 orc priests
  3 bullfrog skeletons
  3 jellies
  8 worker ants
  4 iguanas
  13 orc wizards
  A hound zombie (D:10)
  A worker ant zombie (D:7)
  11 gnolls
  13 adders
  2 oozes
  3 adder skeletons (D:4)
  An adder zombie (D:7)
  2 worms
  4 dart slugs
  9 leopard geckos
  52 orcs
  7 bats
  4 giant cockroaches
  4 hobgoblins
  7 jackals
  17 kobolds
  6 quokkas
  2 ball pythons (D:1)
  8 frilled lizards
  4 goblins
  A goblin skeleton (D:7)
  3 hobgoblin zombies (D:7)
  A kobold skeleton (D:7)
  A kobold zombie (D:7)
  A leopard gecko skeleton (D:5)
  2 quokka skeletons (D:4)
  A quokka zombie (D:9)
  5 rats
  A fungus (D:8)
295 creatures vanquished.

Notes
Turn   | Place    | Note
-------+----------+-------------------------------------------
     0 | Abyss:1  | tyranidshit the Demonspawn Abyssal Knight began the quest for the Orb.
     0 | Abyss:1  | Reached XP level 1. HP: 18/18 MP: 2/2
     2 | Abyss:1  | Found a corrupted altar of Lugonu.
    37 | Abyss:1  | Found a corrupted altar of Lugonu.
    53 | Abyss:1  | Found a corrupted altar of Lugonu.
    86 | Abyss:1  | Noticed a chaos spawn
    92 | Abyss:1  | Noticed a quasit
   146 | Abyss:2  | Noticed a thrashing horror
   148 | D:1      | Escaped the Abyss
   215 | D:1      | Reached * piety under Lugonu
   245 | D:1      | Gained mutation: You have sharp toenails. [demonic ancestry]
   245 | D:1      | Reached XP level 2. HP: 9/24 MP: 3/3
   622 | D:1      | Reached skill level 4 in Fighting
   804 | D:1      | Reached XP level 3. HP: 30/30 MP: 4/4
   969 | D:2      | Gained mutation: Your muscles are strong. (Str +2) [potion of mutation]
   969 | D:2      | Gained mutation: Scrolls take you a little longer to read. [potion of mutation]
   969 | D:2      | Gained mutation: You are agile. (Dex +2) [potion of mutation]
  1075 | D:2      | Reached ** piety under Lugonu
  1331 | D:2      | Reached XP level 4. HP: 22/38 MP: 5/5
  1455 | D:2      | Reached skill level 5 in Fighting
  1830 | D:3      | Noticed an ogre
  1833 | D:3      | Killed an ogre
  1833 | D:3      | Reached skill level 6 in Fighting
  1833 | D:3      | Gained mutation: Your movements are slightly less encumbered by armour. (ER -2) [demonic ancestry]
  1833 | D:3      | Reached XP level 5. HP: 47/47 MP: 6/6
  1864 | D:3      | Gained mutation: You have razor-sharp toenails. [demonic ancestry]
  1864 | D:3      | Reached XP level 6. HP: 18/53 MP: 3/7
  1875 | D:3      | HP: 2/53 [orc/whip (1)]
  2091 | D:3      | Reached skill level 7 in Fighting
  2893 | D:4      | Found Veckepi's Antique Weapon Emporium.
  3488 | D:4      | Reached skill level 8 in Fighting
  3488 | D:4      | Gained mutation: Your flesh is cold resistant. (rC+) [demonic ancestry]
  3488 | D:4      | Reached XP level 7. HP: 47/62 MP: 6/8
  3738 | D:5      | Entered Level 5 of the Dungeon
  3770 | D:4      | Reached *** piety under Lugonu
  3770 | D:4      | HP: 3/63 [poisoned by a worker ant]
  3977 | D:5      | Reached skill level 9 in Fighting
  4074 | D:5      | Reached XP level 8. HP: 60/72 MP: 9/9
  4328 | D:6      | Reached skill level 10 in Fighting
  4413 | D:6      | Noticed slayr's ghost (novice DEWz)
  4427 | D:6      | Killed slayr's ghost
  4427 | D:6      | Reached skill level 5 in Invocations
  4533 | D:6      | Got a fine short sword
  4534 | D:6      | Identified the +7 short sword "Xipan" {antimagic, rN+ Str+4} (You found it on level 6 of the Dungeon)
  4681 | D:6      | Reached **** piety under Lugonu
  4715 | D:6      | Gained mutation: You regenerate a little health from kills. [demonic ancestry]
  4715 | D:6      | Reached XP level 9. HP: 59/78 MP: 6/13
  4776 | D:6      | Found Towuolan's Distillery.
  4780 | D:6      | Reached skill level 5 in Armour
  4960 | D:6      | Gained mutation: You possess an exceptional clarity of mind. [mutagenic meat]
  5001 | D:6      | Gained mutation: Your body sometimes deteriorates upon taking damage. [mutagenic meat]
  5131 | D:7      | Reached skill level 1 in Shields
  5359 | D:7      | Found Ecoetaz's Magic Scroll Emporium.
  5461 | D:7      | Found a staircase to the Ecumenical Temple.
  5468 | D:7      | Found a glowing golden altar of the Shining One.
  6050 | D:8      | Found a staircase to the Lair.
  6174 | D:8      | Got a fabulously ornate robe
  6188 | D:8      | Identified the +2 robe of Omission {rF+ Str+6 Int+2} (You found it on level 8 of the Dungeon)
  6266 | D:8      | Noticed a queen bee
  6383 | D:8      | Gained mutation: You have claws for feet. [demonic ancestry]
  6383 | D:8      | Reached XP level 10. HP: 47/85 MP: 12/16
  6390 | D:8      | Reached ***** piety under Lugonu
  6417 | D:8      | Found Unyh Jeew's Weapon Emporium.
  6699 | D:9      | Gained mutation: Your system is resistant to poisons. (rPois) [mutagenic meat]
  6776 | D:8      | HP: 2/85 [troll (6)]
  6895 | D:4      | Bought a brightly glowing triple sword for 390 gold pieces
  6900 | D:4      | Identified the +10 triple sword of the Grave {slice, Int+3 Dex+4 Stlth+} (You bought it in a shop on level 4 of the Dungeon)
  7079 | D:9      | Reached skill level 5 in Axes
  7193 | D:9      | Reached skill level 5 in Shields
  7194 | D:9      | Noticed Joseph
  7200 | D:9      | Killed Joseph
  7444 | D:10     | Entered Level 10 of the Dungeon
  7446 | D:10     | Found a burning altar of Makhleb.
  7597 | D:10     | Killed an unseen horror
  7795 | D:10     | Reached skill level 11 in Fighting
  8166 | D:11     | Reached XP level 11. HP: 81/93 MP: 17/17
  8173 | D:11     | Noticed a green ugly thing
  8173 | D:11     | Noticed a hill giant
  8380 | Lair:1   | Entered Level 1 of the Lair of Beasts
  8416 | Lair:1   | Slain by a porcupine

Skill      XL: |  1  2  3  4  5  6  7  8  9 10 |
---------------+-------------------------------+-----
Fighting       | 4 6 8 9 10 11 | 11.8
Armour         | 4 6 7 |  7.6
Invocations    | 6 8 |  8.1
Axes           | 3 5 |  5.4
Shields        | 3 5 |  5.2
Dodging        | |  0.8

Action                   |  1- 3 |  4- 6 |  7- 9 | 10-12 || total
-------------------------+-------+-------+-------+-------++-------
Melee: Hand axe          |   131 |   265 |   388 |   106 ||   890
       Short sword       |       |       |    79 |       ||    79
       Triple sword      |       |       |       |   117 ||   117
       Kick              |       |       |       |    79 ||    79
Invok: Depart the Abyss  |     1 |       |       |       ||     1
Evoke: Wand              |       |     9 |    24 |       ||    33
  Use: Scroll            |     7 |     2 |     9 |     4 ||    22
       Potion            |     3 |     3 |     5 |     5 ||    16
  Eat: Bread ration      |     1 |     2 |       |       ||     3
       Beef jerky        |       |       |     1 |       ||     1
       Meat ration       |       |       |     2 |     1 ||     3
       Chunk             |       |       |     2 |     1 ||     3
       Royal jelly       |       |       |       |     3 ||     3
Armor: Leather armour    |     8 |       |       |       ||     8
       Chain mail        |    33 |       |       |       ||    33
       Scale mail        |    30 |   108 |   205 |       ||   343
       Plate armour      |       |       |    29 |   294 ||   323
Dodge: Dodged            |    24 |    44 |   101 |   140 ||   309
Block: Large shield      |    58 |   192 |   402 |   123 ||   775
       Rpst.: Triple sword |       |       |       |    25 ||    25
